 Dungeon Crawl Stone Soup version 0.17-a0-1181-gabc46e6 (webtiles) character file.

82431 tooLowSkill the Severer (level 15, -11/235 HPs)
             Began as a Deep Dwarf Berserker on June 1, 2015.
             Was a High Priest of Trog.
             Killed from afar by a starcursed mass (13 damage)
             ... with an accursed screaming
             ... on level 1 of the Abyss.
             The game lasted 02:22:23 (23179 turns).

tooLowSkill the Severer (Deep Dwarf Berserker)     Turns: 23179, Time: 02:22:23

Health: -11/235    AC: 27    Str: 27    XL:     15   Next: 29%
Magic:  0/0        EV:  2    Int:  5    God:    Trog [*****.]
Gold:   855        SH:  6    Dex:  8    Spells: 0 memorised, 14 levels left

rFire  . . .     SeeInvis +     O - +8 hand axe "Uxtamipt" {venom, *Noise rN+ SInv}
rCold  . . .     Clarity  +     (armour currently unavailable)
rNeg   + + +     SustAt   .     J - +2 buckler
rPois  +         Gourm    .     (helmet currently unavailable)
rElec  .         Spirit   .     (cloak currently unavailable)
rCorr  .         Warding  .     (gloves currently unavailable)
rMut   .         NoTele   +     (boots currently unavailable)
MR     +++++                    n - amulet of clarity
Stlth  ..........               Q - ring of protection from magic
                                t - ring of positive energy

@: berserking, tree-form, non-regenerating, very quick, almost entirely
resistant to hostile enchantments, extremely unstealthy
A: damage resistance, recharge devices, berserk 3, blurry vision 3, clumsy 2,
(deformed body), deterioration 2, dopey 2, frail 3, low mp 3, negative energy
resistance 1, sense surroundings 2, screaming 1, slow healing 3, teleportitis 3,
weak 2, subdued magic 2, MP-powered wands
a: Device Recharging, Burn Spellbooks, Berserk, Trog's Hand, Brothers in Arms,
Renounce Religion


You were on level 1 of the Abyss.
You worshipped Trog.
Trog was extremely pleased with you.
You were not hungry.
You were a tree.
You visited 3 branches of the dungeon, and saw 24 of its levels.
You visited the Abyss 1 time.
You also visited: Labyrinth.

You collected 1291 gold pieces.
You spent 436 gold pieces at shops.

Inventory:

Hand weapons
 a - a +0 hand axe of flaming
 O - the +8 hand axe "Uxtamipt" (weapon) {venom, *Noise rN+ SInv}
   (You found it on level 8 of the Lair of Beasts)

   It poisons the flesh of those it strikes.
   It protects you from negative energy.
   It lets you see invisible.
   It may make noises in combat.
Armour
 f - a +1 helmet (melded)
 k - a +2 scale mail of fire resistance (melded)
 o - a +0 pair of gloves (melded)
 q - the +0 cloak of Listlessness (melded) {*Drain rCorr Str-5 Dex+4}
   (You bought it in a shop on level 4 of the Dungeon)

   It affects your strength (-5).
   It affects your dexterity (+4).
   It protects you from acid and corrosion.
   It causes draining when unequipped.
 I - a +2 pair of boots (melded)
 J - a +2 buckler (worn)
Jewellery
 n - an amulet of clarity (around neck)
 t - a ring of positive energy (left branch)
 y - an uncursed ring of fire
 Q - a ring of protection from magic (right branch)
 T - an uncursed ring of see invisible
Magical devices
 h - a wand of heal wounds (3)
 z - a wand of paralysis (0)
 M - a wand of polymorph (0)
Scrolls
 c - 7 scrolls of identify
 e - a scroll of silence
 i - 2 scrolls of magic mapping
 l - a scroll of fear
 p - 7 scrolls of remove curse
 u - 3 scrolls of teleportation
 v - a scroll of blinking
 w - a scroll of fog
 A - a scroll of recharging
 D - 2 scrolls of amnesia {unknown}
Potions
 b - a potion of mutation
 r - a potion of ambrosia
 s - 2 potions of resistance
 C - 4 potions of lignification
 E - 5 potions of flight
 F - 4 potions of agility
 H - 2 potions of magic
 L - 6 potions of curing
 U - 5 potions of might
Miscellaneous
 g - a box of beasts
 G - a lamp of fire
Comestibles
 d - 19 bread rations
 m - 20 fruits
 x - 9 meat rations


   Skills:
 + Level 14.0 Fighting
 - Level 18.1 Axes
   Level 3.4 Slings
 - Level 15.0 Armour
 - Level 2.1 Dodging
 - Level 4.0 Shields


You had 14 spell levels left.
You didn't know any spells.

Dungeon Overview and Level Annotations

Branches:
Dungeon (15/15)            Temple (1/1) D:5            Lair (8/8) D:10
  Swamp (0/4) Lair:4       Spider (0/4) Lair:4        Slime (0/6) Lair:6
    Orc (0/4) D:11         Vaults (0/5) D:14
 Depths: D:15

Altars:
Cheibriados
Elyvilon
Fedhas
Gozag
Kikubaaqudgha
Makhleb
Nemelex Xobeh
Qazlal
Sif Muna
Vehumet
Xom
Yredelemnul
Zin
The Shining One
Jiyva

Shops:
D:4 [   D:6 !   D:7 =   D:9 :

Annotations:
D:14 exclusion: Roxanne, Roxanne
D:15 Herrn's ghost, powerful VSFi


Innate Abilities, Weirdness & Mutations

You are resistant to damage.
You can recharge devices by infusing magical energy.
You resist negative energy.
You passively map the area around you.
You do not heal naturally.
[You have an uncontrollable temper.]
[Scrolls take you much longer to read.]
[You are very clumsy. (Dex -4)]
[((Armour fits poorly on your strangely shaped body.))]
[Your body often deteriorates upon taking damage.]
[You are very dopey. (Int -4)]
[You are extremely frail (-30% HP).]
[Your magical capacity is extremely low (-30% MP).]
[You occasionally shout uncontrollably at your foes.]
[You are often teleported to nearby monsters.]
[You are very weak. (Str -4)]
[Your spells are easier to cast, but less powerful.]
[You expend magic power (3 MP) to strengthen your wands.]


Message History

The raiju bites you. The raiju shocks you.
* * * LOW HITPOINT WARNING * * *
You slash the raiju!
The raiju is severely wounded.
The smoke demon gestures at you. Something smites you!
* * * LOW HITPOINT WARNING * * *
A starcursed mass splits.
You barely miss the raiju.
The raiju is severely wounded.
A deafening chorus of shrieks assaults your mind!
* * * LOW HITPOINT WARNING * * *
You block the orange demon's attack. The raiju bites you but does no damage.
You slice the raiju!!
You kill the raiju!
Trog accepts your kill.
The orange demon stings you but does no damage.
A starcursed mass splits.
A cacophony of accursed wailing tears at your sanity!
You die...

##.4.....#.. #
..... ... # ##.
.X.. .. .. #...X..
... #.. # #XX.X.
#... ##..
###3XX..... . .....
#.44.X.......
#....##*33.........
#.....♣##........ .
#..##†.# ......#...
####..# ....#.# #.#
#..# .. # . .


You could see 8 starcursed masses, a wretched star, 2 orange demons, 2 smoke
demons and a chaos spawn.

Vanquished Creatures
  Rupert (D:12)
  Kirke (D:12)
  A ghost moth (Lair:8)
  Josephine (D:11)
  A minotaur (Lab)
  Harold (Lair:4)
  Erolcha (D:12)
  A hydra (Lair:7)
  A centaur warrior (D:13)
  The ghost of Shredu92 the Grappler, a powerful VSMo of Fedhas (Lair:5)
  Erica (D:8)
  2 tengu warriors (D:13)
  2 dancing weapons (D:14)
  8 death yaks
  2 salamander stormcallers (D:14)
  An unseen horror (D:13)
  An orc knight (D:15)
  An oklob plant (Lair:5)
  5 slime creatures
  An orc sorcerer (D:15)
  3 hill giants
  3 ugly things
  A centaur zombie (D:13)
  3 black mambas
  15 elephants
  2 griffons
  A torpor snail (Lair:5)
  6 komodo dragons
  22 spiny frogs
  A fire drake (Lair:4)
  A freezing wraith (D:13)
  6 trolls
  A two-headed ogre (D:10)
  2 giant leeches (Lair:8)
  2 raiju (Abyss:1)
  31 blink frogs
  Prince Ribbit (D:7)
  2 spriggans
  A boulder beetle (Lair:7)
  3 ravens (D:13)
  A shadow (D:13)
  Sigmund (D:3)
  7 wraiths
  5 wyverns
  6 deep elf magi
  A vampire (D:13)
  5 hippogriffs
  3 mottled dragons
  50 yaks
  3 basilisks
  4 hogs (D:12)
  2 humans (D:12)
  A basilisk (shapeshifter) (D:14)
  A soldier ant (D:11)
  10 vampire mosquitoes (Lair:8)
  A warg (D:11)
  16 water moccasins
  4 porcupines
  13 wolves
  2 wasps
  7 ice beasts
  An eye of draining (D:9)
  3 black bears
  2 spiders (Lab)
  5 orc warriors
  3 sky beasts
  A phantom (D:5)
  2 necrophages
  The ghost of braks the Insei, an average DsMo (D:4)
  18 centaurs
  4 boggarts (D:13)
  5 ogres
  13 crocodiles
  3 small abominations (Abyss:1)
  31 giant frogs
  A water moccasin zombie (D:10)
  11 killer bees
  8 scorpions
  A wyvern skeleton (D:11)
  2 vampire bats (D:6)
  7 electric eels
  6 crimson imps
  2 giant frog zombies
  2 iron imps (Abyss:1)
  5 jellies
  A quasit (D:13)
  2 centaur skeletons
  A giant frog skeleton (D:13)
  Crazy Yiuf (D:3)
  4 orc priests
  10 orc wizards
  8 hounds
  9 worker ants
  Terence (D:3)
  A gnoll shaman (D:8)
  4 iguanas
  A killer bee zombie (D:7)
  11 sheep
  2 hound skeletons
  A worker ant zombie (D:9)
  13 gnolls
  71 river rats
  19 adders
  5 shadow imps
  15 oozes
  4 worms
  2 adder skeletons
  10 giant geckos
  38 orcs
  13 bats
  4 bat skeletons
  5 bat zombies
  3 giant cockroaches
  13 goblins
  20 hobgoblins
  19 jackals
  3 ball pythons
  7 giant newts
  18 kobolds
  5 quokkas
  12 rats
  15 fungi
  11 plants
803 creatures vanquished.

Vanquished Creatures (collateral kills)
  3 hydras
  2 elephants (Lair:6)
  3 spiny frogs (Lair:8)
  A komodo dragon (Lair:8)
  A blink frog (Lair:8)
  3 yaks (Lair:8)
  A vampire mosquito (Lair:8)
  A giant frog (Lair:8)
15 creatures vanquished.

Vanquished Creatures (others)
  2 stone giants
  A hydra (D:14)
  A griffon (Lair:6)
  An orc knight (D:14)
  A cyclops (D:14)
  An elephant (Lair:6)
  A spiny frog (Lair:6)
  A troll (D:14)
  A polar bear (shapeshifter) (D:14)
  A giant leech (Lair:8)
  A boulder beetle (Lair:6)
  3 yaks
  A hippogriff (Lair:8)
  A fire elemental (Lair:8)
  2 wolves (Lair:6)
  A crocodile (Lair:8)
  An ogre (D:14)
  A river rat (Lair:5)
  An ooze (Lair:5)
  12 fungi
  14 plants
49 creatures vanquished.

Grand Total: 867 creatures vanquished

Notes
Turn   | Place    | Note
--------------------------------------------------------------
     0 | D:1      | tooLowSkill the Deep Dwarf Berserker began the quest for the Orb.
     0 | D:1      | Reached XP level 1. HP: 20/20 MP: 1/1
   144 | D:1      | Reached XP level 2. HP: 25/27 MP: 2/2
   146 | D:1      | Reached skill level 4 in Axes
   963 | D:2      | Acquired Trog's second power
   963 | D:2      | Reached XP level 3. HP: 33/33 MP: 3/3
   987 | D:2      | Reached skill level 5 in Axes
  1103 | D:2      | Reached XP level 4. HP: 38/40 MP: 4/4
  1598 | D:2      | Found a deep blue altar of Sif Muna.
  1714 | D:3      | Noticed Crazy Yiuf
  1719 | D:3      | Killed Crazy Yiuf
  1719 | D:3      | Reached skill level 6 in Axes
  1826 | D:3      | Noticed Sigmund
  1837 | D:3      | Killed Sigmund
  1837 | D:3      | Reached skill level 7 in Axes
  1837 | D:3      | Reached XP level 5. HP: 46/46 MP: 5/5
  1837 | D:3      | Reached XP level 6. HP: 55/55 MP: 6/6
  2142 | D:3      | Noticed Terence
  2154 | D:3      | Killed Terence
  2292 | D:3      | Reached skill level 8 in Axes
  2337 | D:3      | Found a blossoming altar of Fedhas.
  2603 | D:4      | Noticed braks's ghost (average DsMo)
  2613 | D:4      | Killed braks's ghost
  2900 | D:4      | Reached skill level 9 in Axes
  2900 | D:4      | Reached XP level 7. HP: 29/61 MP: 7/7
  2983 | D:4      | Found Xehutape's Antique Armour Shoppe.
  3016 | D:4      | Reached skill level 1 in Shields
  3850 | D:4      | Acquired Trog's third power
  4041 | D:5      | Entered Level 5 of the Dungeon
  4168 | D:5      | Got a faintly glowing trident
  4169 | D:5      | Identified the cursed +0 trident "Byfuce" {pierce, rElec rF+ Int+3} (You found it on level 5 of the Dungeon)
  4488 | D:5      | Reached XP level 8. HP: 54/68 MP: 8/8
  4862 | D:5      | Reached skill level 10 in Axes
  4874 | D:5      | Found a staircase to the Ecumenical Temple.
  4883 | Temple   | Entered the Ecumenical Temple
  5489 | D:6      | Found an ancient bone altar of Kikubaaqudgha.
  5495 | D:6      | Reached skill level 11 in Axes
  5776 | D:6      | Found Nituw's Distillery.
  5927 | D:4      | Bought a faintly humming cloak for 218 gold pieces
  5939 | D:4      | Identified the +3 cloak of Truth {Str+4} (You bought it in a shop on level 4 of the Dungeon)
  6043 | D:6      | Reached skill level 12 in Axes
  6080 | D:6      | Found a radiant altar of Vehumet.
  6223 | D:7      | Found a snail-covered altar of Cheibriados.
  6453 | D:7      | Gained mutation: You passively map the area around you. [Deep Dwarf growth]
  6453 | D:7      | Reached XP level 9. HP: 66/74 MP: 9/9
  6718 | D:7      | Reached skill level 13 in Axes
  6772 | D:7      | Found a glowing silver altar of Zin.
  6919 | D:7      | Noticed Prince Ribbit
  6932 | D:7      | Found Xavagu's Jewellery Shop.
  6949 | D:7      | Killed Prince Ribbit
  7408 | D:8      | Noticed Erica
  7483 | D:8      | Got a warped arbalest
  7504 | D:8      | Killed Erica
  7504 | D:8      | Reached skill level 14 in Axes
  7625 | D:8      | Paralysed by a wasp for 2 turns
  7670 | D:8      | Reached XP level 10. HP: 81/81 MP: 10/10
  7776 | D:8      | Reached skill level 15 in Axes
  7825 | D:8      | Found a basalt altar of Yredelemnul.
  7842 | D:8      | Found a white marble altar of Elyvilon.
  8208 | D:9      | Found Keheran's Book Shop.
  8432 | D:9      | Reached skill level 5 in Armour
  8591 | D:9      | Received a gift from Trog
  9590 | D:10     | Entered Level 10 of the Dungeon
  9604 | D:10     | Found a staircase to the Lair.
  9615 | D:10     | Reached skill level 1 in Slings
  9627 | D:10     | Noticed a hill giant
  9634 | D:10     | Killed a hill giant
 10331 | D:10     | Reached XP level 11. HP: 59/88 MP: 11/11
 10774 | D:11     | Noticed a hill giant
 10819 | D:10     | Killed a hill giant
 10849 | D:11     | Reached skill level 10 in Armour
 10906 | D:11     | Received a gift from Trog
 11063 | D:11     | Noticed Josephine
 11079 | D:11     | HP: 2/139 [Josephine/vampiric draining (11)]
 11088 | D:11     | Killed Josephine
 11235 | D:11     | Found a staircase to the Orcish Mines.
 11266 | D:11     | Reached skill level 5 in Fighting
 11480 | D:11     | Received a gift from Trog
 11712 | D:4      | Bought a faintly humming cloak for 218 gold pieces
 11722 | D:4      | Identified the +0 cloak of Listlessness {*Drain rCorr Str-5 Dex+4} (You bought it in a shop on level 4 of the Dungeon)
 11870 | Lair:1   | Entered Level 1 of the Lair of Beasts
 13747 | Lair:3   | Reached XP level 12. HP: 71/105 MP: 9/9
 14195 | Lair:3   | Noticed a death yak
 14196 | Lair:3   | Noticed a death yak
 14198 | Lair:3   | Noticed a death yak
 14209 | Lair:3   | Killed a death yak
 14227 | Lair:3   | Killed a death yak
 14232 | Lair:3   | Killed a death yak
 14752 | Lair:4   | Found a staircase to the Swamp.
 14807 | Lair:4   | Noticed Harold
 14828 | Lair:4   | Killed Harold
 14984 | Lair:4   | Found a hole to the Spider Nest.
 15819 | Lair:5   | Noticed Shredu92's ghost (powerful VSMo)
 15830 | Lair:5   | Killed Shredu92's ghost
 15831 | Lair:5   | Received a gift from Trog
 15843 | Lair:5   | Found a labyrinth entrance.
 15848 | Lab      | Entered a labyrinth
 16086 | Lab      | Noticed a minotaur
 16100 | Lab      | Killed a minotaur
 16134 | Lab      | Got a slimy hand crossbow
 16135 | Lab      | Identified the cursed +0 hand crossbow of Res Nullius {velocity, rF+ rN+ Dex+2} (You found it in a labyrinth)
 16352 | Lair:5   | Reached XP level 13. HP: 51/117 MP: 8/8
 16360 | Lair:5   | Received a gift from Trog
 16526 | Lair:5   | Reached skill level 15 in Armour
 17688 | Lair:6   | Received a gift from Trog
 17934 | Lair:6   | Reached skill level 16 in Axes
 17986 | Lair:6   | Found a staircase to the Slime Pits.
 17987 | Lair:6   | Found a viscous altar of Jiyva.
 18863 | Lair:7   | Reached skill level 10 in Fighting
 19493 | Lair:7   | Received a gift from Trog
 19931 | Lair:7   | You fall through a shaft!
 19931 | Lair:8   | Entered Level 8 of the Lair of Beasts
 19946 | Lair:8   | Gained mutation: You resist negative energy. [Deep Dwarf growth]
 19946 | Lair:8   | Reached XP level 14. HP: 114/135 MP: 2/2
 20098 | Lair:8   | Reached skill level 17 in Axes
 20283 | Lair:8   | Received a gift from Trog
 20519 | Lair:8   | Got a crude hand axe
 20520 | Lair:8   | Identified the +8 hand axe "Uxtamipt" {venom, *Noise rN+ SInv} (You found it on level 8 of the Lair of Beasts)
 20524 | Lair:8   | Got a fine dagger
 20525 | Lair:8   | Identified the +7 dagger "Wurej" {pierce, rC+} (You found it on level 8 of the Lair of Beasts)
 20744 | Lair:8   | Noticed a ghost moth
 20749 | Lair:8   | Killed a ghost moth
 21434 | D:12     | Noticed Rupert
 21439 | D:12     | Noticed Erolcha
 21451 | D:12     | Killed Rupert
 21451 | D:12     | Reached skill level 18 in Axes
 21460 | D:12     | Killed Erolcha
 21476 | D:12     | Received a gift from Trog
 21720 | D:12     | Found a sparkling altar of Nemelex Xobeh.
 21802 | D:12     | Noticed Kirke
 21816 | D:12     | Killed Kirke
 21931 | D:12     | You fall through a shaft for 3 floors!
 21931 | D:15     | Entered Level 15 of the Dungeon
 21949 | D:15     | Noticed Herrn's ghost (powerful VSFi)
 22039 | D:13     | Found a shimmering altar of Xom.
 22086 | D:14     | Found a gate to the Vaults.
 22126 | D:14     | Noticed Roxanne
 22164 | D:14     | Reached XP level 15. HP: 128/147 MP: 1/1
 22299 | D:13     | Received a gift from Trog
 23011 | D:13     | Found a stormy altar of Qazlal.
 23018 | D:13     | Cast into the Abyss (deep elf fighter)
 23153 | Abyss:1  | Gained mutation: [You are extremely frail (-30% HP).] [a cacodemon]
 23176 | Abyss:1  | HP: 9/235 [smoke demon/divine providence (8)]
 23177 | Abyss:1  | HP: 1/235 [starcursed mass/accursed screaming (8)]
 23179 | Abyss:1  | Killed from afar by a starcursed mass

Vault maps used:
D:1:      dpeg_arrival_boxes_within_box, serial_bayou_lagoon_a,
          serial_park_tiny_2, minmay_box_of_dots
D:2:      lemuel_round_altar
D:3:      fedhas_altar_fruit_tree, first_bread, uniq_terence,
          uniq_crazy_yiuf_cottage, uniq_sigmund
D:4:      serial_shops, kennysheep_mini_moat, roderic_serpentine_path
D:5:      kennysheep_big_flooded_room, minmay_temple_entry_trees,
          due_unseen_surprise
D:6:      kennysheep_vampire_church, serial_shops, nicolae_shop_crystal,
          vehumet_altar_wand_db
D:7:      lemuel_round_altar, lemuel_crystal_altar, serial_shops, shop,
          uniq_prince_ribbit1
D:8:      grunt_temple_overflow_open, uniq_erica
D:9:      serial_shops, shop, minmay_strange_pillars, the_bakery
D:10:     lair_0_dummy
D:11:     erik_orc_4, kennysheep_generic_room_8, uniq_josephine
D:12:     basic_altar, uniq_erolcha, uniq_kirke, uniq_frances, uniq_rupert
D:13:     roderic_three_in_a_row, hangedman_feature_mirror,
          kennysheep_generic_room_12
D:14:     erik_vaults_1, spider_trap, minivault_28, uniq_maud, uniq_roxanne,
          uniq_agnes
D:15:     grunt_enter_depths_magical_seal, minmay_misc_feat_tower,
          grunt_ministairs_1, minivault_19, xom_teletrap_fun
Temple:   zaba_magenta_temple_12
Lair:1:   lemuel_fruit_fields
Lair:2:   lemuel_fruit_tree, infiniplex_staircase_pool_2
Lair:4:   swamp_mist, nicolae_spider_entry_non_spiders, uniq_harold
Lair:5:   lemuel_slime, lab_entry_generic, wad_woods_03
Lair:6:   slime_altar_1, serial_bayou_pond_e, infiniplex_staircase_pool,
          grunt_megastairs_4
Lair:7:   beast_lair_carwin_large_1, serial_bayou, serial_bayou_lake_a,
          serial_bayou_ford_a, serial_bayou_shore_b, serial_bayou_pond_b,
          serial_bayou_crossing, serial_bayou_pond_a, minivault_19
Lair:8:   minmay_lair_end_frog_pond
Lab:      labyrinth_watery, nicolae_lab_stuck, nicolae_lab_grate, lab_fountain

Action                   |  1- 3 |  4- 6 |  7- 9 | 10-12 | 13-15 || total
-------------------------+-------+-------+-------+-------+-------++-------
Melee: Hand axe          |   118 |   184 |   602 |  1212 |   895 ||  3011
       War axe           |       |       |       |    22 |       ||    22
       Battleaxe         |       |       |       |       |   220 ||   220
       Executioner's axe |       |       |       |       |   239 ||   239
 Fire: Greatsling        |       |       |       |    52 |       ||    52
Invok: Berserk           |     2 |     5 |     9 |    18 |    18 ||    52
       Burn Spellbooks   |       |       |       |     2 |     5 ||     7
       Trog's Hand       |       |       |       |     1 |    19 ||    20
       Brothers in Arms  |       |       |       |       |     5 ||     5
 Abil: Device Recharging |       |       |       |     5 |     9 ||    14
Evoke: Wand              |       |     1 |    12 |    42 |    50 ||   105
       Deck              |       |       |       |     5 |       ||     5
       Lamp of fire      |       |       |       |       |     1 ||     1
  Use: Potion            |     1 |       |     1 |     7 |     8 ||    17
       Scroll            |       |     6 |     3 |    27 |     8 ||    44
 Stab: Sleeping          |     2 |       |       |       |       ||     2
       Fleeing           |       |       |       |     1 |       ||     1
       Confused          |       |       |       |       |     1 ||     1
       Distracted        |       |       |       |       |     2 ||     2
       Invisible         |       |       |       |       |     1 ||     1
  Eat: Meat ration       |     1 |       |       |     3 |       ||     4
       Pizza             |     1 |       |       |     1 |       ||     2
       Chunk             |       |     7 |    23 |    23 |    40 ||    93
       Fruit             |       |     1 |       |     4 |     1 ||     6
       Beef jerky        |       |       |       |     1 |     4 ||     5
       Royal jelly       |       |       |       |     2 |       ||     2
